Unix NetHack Version 3.7.0-53 Work-in-progress - last build Mar 21 2022 02:33:53 (e25487e73a26563eb890138f5364dfe52547422e,branch:master). Game began 2022-03-28 19:33:26, ended 2022-03-28 19:43:54. Gandelf, neutral male human Monk ----- -------------- |...| |............| |...| ---------------- |............| |....### |.^...(........| |............| |...| #######...............%#0 ##.............| -|-.- |..............| # # |............| # -.---------.---- ###### ---------|---- # ## # # # #### # ### # # C # # @ . -----.- # d . |...<.| -----.--|- ##### . |.....| |........| # . |....[- |.......).####### . ------- |........| . ---------- --- Gandelf the Novice St:18 Dx:9 Co:12 In:12 Wi:17 Ch:8 Neutral S:1625 Dlvl:7 $:497 HP:0(34) Pw:25(25) AC:4 Xp:5/207 T:1830 Latest messages: You see here a wolf corpse. The little dog eats a wolf corpse. You see here a large box. Hmmm, it turns out to be locked. In what direction? ^L You break open the lock! You see here a broken large box. $ - 434 gold pieces. z - a silver spellbook. What do you want to wear? [*] Never mind. What do you want to use or apply? [cwxyz or ?*] ? A - a granite ring. What do you want to put on? [A or ?*] A Which ring-finger, Right or Left? [rl] r A - a granite ring (on right hand). KAABLAMM!!! You triggered a land mine! You fall into a pit! You are still in a pit. You are still in a pit. You are still in a pit. You are still in a pit. You are still in a pit. You crawl to the edge of the pit. You are beginning to feel weak. What do you want to eat? [g-jlqr or ?*] ? My, this is a yummy slime mold! You see here a fizzy potion. B - a fizzy potion. You stop searching. You stop searching. Your legs feel better. You swap places with your little dog. A crossbow bolt misses you. The plains centaur swings her staff. The plains centaur just misses! The plains centaur just misses! You miss the plains centaur. The plains centaur swings her staff. The plains centaur hits! The plains centaur kicks! The plains centaur swings her staff. The plains centaur hits! The plains centaur kicks! You die... Do you want your possessions identified? [ynq] (y) y Do you want to see your attributes? [ynq] (y) y Do you want an account of creatures vanquished? [ynaq] (y) y Do you want to see your conduct and achievements? [ynq] (y) y Do you want to see the dungeon overview? [ynq] (y) y Major events: Turn 1: Gandelf the neutral male human Monk entered the dungeon 1390: attained the rank of Novice (level 3) 1830: killed by a plains centaur Inventory: Coins $ - 497 gold pieces Weapons p - 6 +0 darts x - a cursed +0 battle-axe m - a cursed -3 short sword Armor a - an uncursed +2 pair of leather gloves (being worn) t - a blessed +0 dwarvish cloak b - an uncursed +1 robe (being worn) Comestibles h - 6 uncursed apples g - an uncursed food ration q - an uncursed partly eaten food ration j - 4 uncursed fortune cookies l - a cursed fortune cookie i - 8 uncursed oranges Scrolls u - an uncursed scroll of blank paper o - an uncursed scroll of destroy armor k - an uncursed scroll of identify d - an uncursed scroll of taming Spellbooks c - a blessed spellbook of confuse monster z - a cursed spellbook of light Potions v - a blessed potion of gain energy B - an uncursed potion of restore ability f - 3 uncursed potions of water Rings A - an uncursed ring of stealth (on right hand) Wands w - a wand of nothing (0:4) Tools y - an empty uncursed bag of holding Gems/Stones n - an uncursed opal Gandelf the Monk's attributes: Background: You were a Novice, a level 5 male human Monk. You were neutral, nominally on a mission for Chih Sung-tzu who was opposed by Shan Lai Ching (lawful) and Huan Ti (chaotic). You were in the Dungeons of Doom, on level 7. You entered the dungeon 1830 turns ago. You had 207 experience points, 113 more were needed to attain level 6. Your score was 1625 before end-of-game adjustments. Basics: You had 0 out of 34 hit points. You had all 25 energy points (spell power). Your armor class was 4. Your wallet contained 497 zorkmids. Autopickup was off. Final Characteristics: Your strength was 18 (limit:18/100). Your dexterity was 9 (limit:18). Your constitution was 12 (limit:18). Your intelligence was 12 (limit:18). Your wisdom was 17 (limit:18). Your charisma was 8 (limit:18). Final Status: You were not hungry. You were unencumbered. You were empty handed. You had basic skill with martial arts. Final Attributes: You were devoutly aligned. You were sleep resistant. You were poison resistant. You saw invisible. You were stealthy. You were guarded. You were fast. You are dead. Miscellaneous: You encountered 1 bones level. Total elapsed playing time was 10 minutes and 27 seconds. Vanquished creatures: a wolf a violet fungus a paper golem a little dog a kitten a kobold leader 4 killer bees 2 hobbits a yellow mold a garter snake 2 geckos 6 jackals a fox a sewer rat 6 grid bugs a lichen a kobold zombie 5 newts 37 creatures vanquished. No species were genocided or became extinct. Voluntary challenges: You followed a strict vegan diet. You were an atheist. You never hit with a wielded weapon. You read items or engraved 2 times. You never engraved Elbereth. You never genocided any monsters. You never polymorphed an object. You never changed form. You used no wishes. Achievement: You attained the rank of Novice. The Dungeons of Doom: levels 1 to 7 Level 1: A fountain. Level 2: A fountain. Level 3: Level 4: Level 5: An altar, a fountain. Level 6: Level 7: <- You were here. Final resting place for you, killed by a plains centaur, elenmirie-Arc-Gno-Fem-Neu, killed by a killer bee, lew-Wiz-Hum-Mal-Cha, killed by a killer bee. Game over: ---------- / \ / REST \ / IN \ / PEACE \ / \ | Gandelf | | 497 Au | | killed by a | | plains centaur | | | | | | 2022 | *| * * * | * _________)/\\_//(\/(/\)/\//\/|_)_______ Goodbye Gandelf the Monk... You died in The Dungeons of Doom on dungeon level 7 with 1576 points, and 497 pieces of gold, after 1830 moves. You were level 5 with a maximum of 34 hit points when you died.